AoeStats
← [NICE_ASS] BigMasi

Four Lakes

510155277Analyzed
1v1 RM · 3d ago on Sep 29, 2026· 41m 20s· 2 players
Game mode
Random Map
Map size
Tiny (2 player)
Population
200
Speed
Normal
Resources
Standard
Victory
Conquest
Starting age
Dark Age
Ending age
Imperial Age
RankedLock teamsTeams togetherTeam positionsShared explorationLock speedFull tech treeHidden civsTurbo modeCheats
Victory
Defeat
🇨🇭 Burgundians · Switzerland
1341
+16
🇦🇷 Bohemians · Argentina
1336
-16
CORP_Gato
2:16 Loom
10:44 Feudal Age
15:32 Castle Age
14:41 Double-Bit Axe
16:23 Medium Warships
20:16 Town Watch
21:10 Padded Archer Armor
21:00 Fletching
25:46 Chemistry
28:17 Pikeman
32:06 Imperial Age
35:26 Halberdier
37:11 Squires
36:43 Capped Ram
39:41 Wheelbarrow
[NICE_ASS] BigMasi
5:16 Double-Bit Axe
8:31 Loom
10:46 Feudal Age
12:40 Bow Saw
19:00 Castle Age
19:50 Scale Barding Armor
19:56 Forging
21:08 Light Cavalry
22:53 Chain Barding Armor
23:09 Iron Casting
22:28 Horse Collar
25:25 Two-Man Saw
24:27 Heavy Plow
28:28 Husbandry
27:49 Cavalier
29:44 Wheelbarrow
30:10 Devotion
31:18 Hand Cart
34:54 Imperial Age
35:13 Elite Skirmisher
36:20 Ballistics
37:03 Chemistry
40:39 Plate Barding Armor
41:04 Blast Furnace
Connection lost

Rejoining the realm…

Still unreachable

The connection could not be restored.

Session expired

The server has moved on; the page needs a fresh start.